 Dungeon Crawl Stone Soup version 0.30.0 (webtiles) character file.

Game seed: 2443098166399895189

5666 waxsol78 the Protected (level 10, -23/91 HPs)
             Began as a Minotaur Fighter on Sept 2, 2023.
             Was a Believer of Trog.
             Annihilated by a troll simulacrum (24 damage)
             ... in an ice cave.
             The game lasted 00:58:13 (7889 turns).

waxsol78 the Protected (Minotaur Fighter)           Turns: 7889, Time: 00:58:15

Health: -23/91     AC: 20    Str: 24    XL:     10   Next: 47%
Magic:  9/9        EV: 15    Int:  4    God:    Trog [**....]
Gold:   606        SH:  6    Dex: 14    Spells: 9/9 levels left

rFire   + + .        b - +1 war axe (flame)
rCold   x . .        c - +0 buckler
rNeg    . . .        A - +2 chain mail {rF+}
rPois   +            (helmet restricted)
rElec   .            i - +1 cloak {rPois}
rCorr   .            (no gloves)
SInv    .            y - +0 pair of boots
Will    ++...        w - amulet of regeneration Stlth
                     p - +5 ring of evasion
HPRegen 2.15/turn    v - ring of protection from fire
MPRegen 0.11/turn

%: no passive effects
@: strong-willed, on berserk cooldown, regenerating, slowed, very slow
A: horns 2, retaliatory headbutt, iridescent scales 1, agile 1, cold
vulnerability 1
a: Renounce Religion, Berserk, Trog's Hand


You were in an ice cave.
You worshipped Trog.
Trog was pleased with you.
You visited 3 branches of the dungeon, and saw 10 of its levels.
You also visited: Ice Cave.

You collected 732 gold pieces.
You spent 126 gold pieces at shops.

Inventory:

Hand Weapons
 b - a +1 war axe of flaming (weapon)
 E - the +5 dagger of Fixation {holy, rC++ Str-4}
   (You found it on level 6 of the Dungeon)

   Str:       It affects your strength (-4).
   rC:        It greatly protects you from cold.
Missiles
 l - 5 boomerangs
Armour
 c - a +0 buckler (worn)
 i - a +1 cloak of poison resistance (worn)
 o - a scarf of resistance
 y - a +0 pair of boots (worn)
 A - a +2 chain mail of fire resistance (worn)
Jewellery
 n - a ring of flight
 p - a +5 ring of evasion (left hand)
 v - a ring of protection from fire (right hand)
 w - an amulet of regeneration (around neck)
Wands
 a - a wand of acid (7) (quivered)
 g - a wand of mindburst (14)
Scrolls
 e - 3 scrolls of identify
 f - a scroll of fear
 s - 3 scrolls of teleportation
 x - a scroll of enchant armour
 B - 2 scrolls of blinking
Potions
 d - a potion of might
 h - 2 potions of cancellation
 j - 2 potions of ambrosia
 k - a potion of resistance {unknown}
 m - 3 potions of heal wounds
 q - 3 potions of curing
 r - 2 potions of flight
 t - 2 potions of invisibility
 u - 2 potions of haste


   Skills:
 - Level 9.0 Fighting
 - Level 5.1(5.5) Short Blades
 - Level 3.0(4.8) Long Blades
 + Level 6.8(7.3) Axes
 - Level 3.4(5.6) Maces & Flails
 - Level 1.6(4.6) Polearms
 + Level 11.5 Armour
 - Level 4.3 Dodging
 + Level 7.2 Shields


You had 9 spell levels left.
You didn't know any spells.
Your spell library contained the following spells:

 Spells                   Type           Power      Damage    Failure   Level
 Cigotuvi's Dreadful Rot  Necr/Pois/Air  0%         N/A       99%         2
 Ignite Poison            Fire/Tmut/Pois 0%         N/A       100%        3
 Fireball                 Conj/Fire      0%         3d3       100%        5
 Freezing Cloud           Conj/Ice/Air   0%         6-21      100%        5
 Iskenderun's Battlesphe  Conj           0%         2d6       100%        5
 Conjure Ball Lightning   Conj/Air       0%         3x3d6     100%        6
 Orb of Destruction       Conj           0%         9d5       100%        7


Dungeon Overview and Level Annotations

Branches:
Dungeon (8/15)             Temple (1/1) D:5            Lair (1/5) D:8
  IceCv (1/1)

Altars:
Ashenzari
Cheibriados
Dithmenos
Elyvilon
Fedhas
Hepliaklqana
Makhleb
Nemelex Xobeh
Okawaru
Qazlal
Ru
Sif Muna
Trog
Uskayaw
Vehumet
Wu Jian
Xom
Zin
The Shining One

Shops:
D:7 [

Annotations:
D:4 1 runed translucent door, strontium90w's ghost, novice MiFi


Innate Abilities, Weirdness & Mutations

You have a pair of horns on your head.
You reflexively headbutt those who attack you in melee.
You are partially covered in iridescent scales. (AC +2)
You are agile. (Dex +4, Str/Int -1)
You are vulnerable to cold. (rC-)


Message History

The white imp completely misses you.
The white imp hits you but does no damage.
You slash the white imp! You burn the white imp.
You kill the white imp!
Trog accepts your kill.
There is a frozen archway here.
The world spins around you as you enter the gateway.
You enter an ice cave!
Found an ice covered gate leading back out of this place.
There is an ice choked empty arch of ancient stone here.
The two-headed ogre simulacrum hits you!
The two-headed ogre simulacrum freezes you!!!
You feel a terrible chill!
The two-headed ogre simulacrum hits you but does no damage.
The troll simulacrum attacks as you move away!
The troll simulacrum closely misses you.
The troll simulacrum claws you but does no damage.
You block the troll simulacrum's attack.
You're still recovering from your berserk rage.
Your skin crawls.
You feel strong-willed.
You block the troll simulacrum's attack.
The troll simulacrum claws you but does no damage.
The troll simulacrum barely misses you.
Okay, then.
Okay, then.
You slash the troll simulacrum!
You melt the troll simulacrum.
The troll simulacrum is heavily damaged.
You hit the two-headed ogre simulacrum but do no damage.
The two-headed ogre simulacrum hits you but does no damage.
The two-headed ogre simulacrum hits you.
The two-headed ogre simulacrum freezes you!
You feel a terrible chill! The troll simulacrum bites you.
* * * LOW HITPOINT WARNING * * *
The troll simulacrum freezes you!!
You feel a terrible chill!
* * * LOW HITPOINT WARNING * * *
The troll simulacrum claws you.
* * * LOW HITPOINT WARNING * * *
The troll simulacrum freezes you!!
You feel a terrible chill!
You die...

#####
##.@.##
##.ZZ..##
#...∩...#
#...∩...#
##.....##
##...##
#...#
...##
...#


You could see a two-headed ogre simulacrum and a troll simulacrum.

Vanquished Creatures
  2 black mambas (Lair:1)
  A cane toad (Lair:1)
  Maggie (D:7)
  2 komodo dragons (Lair:1)
  Grinder (D:4)
  A wyvern (D:7)
  5 yaks (D:8)
  A steam dragon (D:8)
  A black bear (D:5)
  2 ice beasts (D:7)
  An orc warrior (D:6)
  3 ogres
  2 bullfrogs
  A kobold brigand (D:5)
  A gnoll sergeant (D:5)
  2 scorpions
  14 wights
  5 killer bees (D:8)
  3 jellies
  4 orc priests
  3 hounds
  2 iguanas
  3 orc wizards
  8 gnolls
  12 adders
  14 white imps
  An ufetubus (D:4)
  2 worms
  A dart slug (D:1)
  26 orcs
  5 bats
  8 endoplasms
  3 giant cockroaches
  5 goblins
  11 hobgoblins
  10 kobolds
  2 quokkas
  9 ball pythons
  5 frilled lizards
  5 rats
188 creatures vanquished.

Vanquished Creatures (others)
  3 fungi (Lair:1)
  A plant (Lair:1)
4 creatures vanquished.

Grand Total: 192 creatures vanquished

Notes
Turn   | Place    | Note
-------+----------+-------------------------------------------
     0 | D:1      | waxsol78 the Minotaur Fighter began the quest for the Orb.
     0 | D:1      | Reached XP level 1. HP: 19/19 MP: 0/0
   281 | D:1      | Reached XP level 2. HP: 23/27 MP: 1/1
   336 | D:1      | Reached skill level 4 in Armour
   560 | D:1      | Reached XP level 3. HP: 30/33 MP: 2/2
   724 | D:1      | Found a faded altar of an unknown god.
  1288 | D:2      | Reached skill level 1 in Dodging
  1792 | D:3      | Reached XP level 4. HP: 41/41 MP: 3/3
  2457 | D:4      | Found a runed translucent door.
  2464 | D:4      | Noticed strontium90w's ghost (novice MiFi)
  2604 | D:4      | Reached skill level 1 in Short Blades
  2810 | D:4      | Reached XP level 5. HP: 47/47 MP: 4/4
  3143 | D:4      | Reached skill level 5 in Armour
  3325 | D:5      | Entered Level 5 of the Dungeon
  3503 | D:5      | Found a staircase to the Ecumenical Temple.
  3533 | D:5      | Reached XP level 6. HP: 53/53 MP: 5/5
  3577 | D:5      | Noticed Grinder
  3624 | D:4      | Paralysed by Grinder for 4 turns
  3631 | D:4      | Paralysed by Grinder for 5 turns
  3643 | D:4      | Paralysed by Grinder for 5 turns
  3651 | D:4      | Killed Grinder
  3652 | D:4      | Reached skill level 6 in Armour
  3652 | D:4      | Reached XP level 7. HP: 43/60 MP: 6/6
  4005 | D:5      | Reached skill level 5 in Fighting
  4072 | D:5      | Found a white marble altar of Elyvilon.
  4320 | D:5      | Reached skill level 7 in Armour
  4369 | Temple   | Entered the Ecumenical Temple
  4450 | Temple   | Became a worshipper of Trog the Wrathful
  4514 | D:6      | Found a sparkling altar of Nemelex Xobeh.
  4566 | D:6      | Reached skill level 5 in Short Blades
  4566 | D:6      | Reached XP level 8. HP: 63/70 MP: 7/7
  4861 | D:6      | Reached skill level 8 in Armour
  5081 | D:6      | Found a blossoming altar of Fedhas.
  5143 | D:6      | Reached skill level 1 in Long Blades
  5397 | D:6      | Reached skill level 9 in Armour
  5445 | D:6      | Reached * piety under Trog
  5451 | D:6      | Identified the +5 dagger of Fixation {holy, rC++ Str-4}
  5736 | D:7      | Noticed Maggie
  5783 | D:7      | Killed Maggie
  5784 | D:7      | Reached skill level 1 in Polearms
  5784 | D:7      | Reached XP level 9. HP: 74/81 MP: 8/8
  5873 | D:7      | Reached skill level 1 in Axes
  6140 | D:7      | Found Faxidd's Antique Armour Emporium.
  6583 | D:7      | Bought a pair of boots for 126 gold pieces
  6617 | D:8      | Found a stormy altar of Qazlal.
  6664 | D:8      | Found a radiant altar of Vehumet.
  6820 | D:8      | Found a staircase to the Lair.
  6900 | D:8      | Reached skill level 10 in Armour
  6940 | D:8      | Reached skill level 5 in Shields
  6942 | D:8      | Reached ** piety under Trog
  6996 | D:8      | Reached skill level 5 in Axes
  7108 | D:8      | Reached XP level 10. HP: 91/91 MP: 9/9
  7616 | D:8      | Gained mutation: You are weak. (Str -2) [potion of
                  | mutation]
  7616 | D:8      | Gained mutation: You have sharp toenails. [potion of
                  | mutation]
  7616 | D:8      | Gained mutation: You are covered in fur. (AC +1) [potion of
                  | mutation]
  7617 | D:8      | Lost mutation: You have sharp toenails. [potion of
                  | mutation]
  7617 | D:8      | Lost mutation: You are covered in fur. (AC +1) [potion of
                  | mutation]
  7617 | D:8      | Lost mutation: You are weak. (Str -2) [potion of mutation]
  7617 | D:8      | Gained mutation: You are agile. (Dex +4, Str/Int -1)
                  | [potion of mutation]
  7617 | D:8      | Gained mutation: You are vulnerable to cold. (rC-) [potion
                  | of mutation]
  7617 | D:8      | Gained mutation: You are partially covered in iridescent
                  | scales. (AC +2) [potion of mutation]
  7666 | Lair:1   | Entered Level 1 of the Lair of Beasts
  7691 | Lair:1   | Noticed a black mamba
  7696 | Lair:1   | Killed a black mamba
  7713 | Lair:1   | Reached skill level 11 in Armour
  7778 | Lair:1   | Noticed a cane toad
  7779 | Lair:1   | Noticed a black mamba
  7799 | Lair:1   | Killed a black mamba
  7803 | Lair:1   | Killed a cane toad
  7861 | Lair:1   | Found a frozen archway.
  7881 | IceCv    | Entered an ice cave
  7889 | IceCv    | HP: 2/91 [troll simulacrum (24)]
  7889 | IceCv    | Annihilated by a troll simulacrum

Illustrated notes

Levels and vault maps discovered:
D:1:      lightli_arrival_boilingwater, layout_basic,
          shapermc_ecumenical_altar_petra, minmay_misc_feat_x, nicolae_wormholes
D:2:      layout_loops_ring
D:3:      layout_loops_ring, kennysheep_another_room, minmay_fractal_squares_5
D:4:      layout_basic, ebering_ghost_sewer_d, amcnicky_mini_corridor_feature,
          kennysheep_orc_chapel
D:5:      cheibrodos_iron_armory, layout_basic, kennysheep_mini,
          minmay_temple_entry_mini_moons, grunt_decor_cap, uniq_grinder
D:6:      layout_loops_ring, nemelex_dance_club_becter, amcnicky_altar_gilded
D:7:      layout_gridville, serial_shops, shop, uniq_maggie
D:8:      layout_loops_corners, mainiacjoe_overflow_catwalk,
          nicolae_qazlal_general_emergency, lair_entry_dummy,
          dreamdust_wishing_well
Temple:   nicolae_temple_great_sept
Lair:1:   layout_long_grid, portal_ice_cave_entry_imps, nicolae_lair_lil_pond,
          grunt_megastairs_2
IceCv:    ice_cave_tombish

Skill      XL: |  1  2  3  4  5  6  7  8  9 10 |
---------------+-------------------------------+-----
Fighting       | 4 5 8 9 |  9.0
Armour         | 4 5 6 7 9 10 11 | 11.5
Maces & Flails | 3 |  3.4
Dodging        | 1 2 3 4 |  4.3
Short Blades   | 1 2 3 5 |  5.1
Long Blades    | 3 |  3.0
Polearms       | 1 |  1.6
Shields        | 4 5 7 |  7.2
Axes           | 5 6 |  6.8

Action                     |  1- 3 |  4- 6 |  7- 9 | 10-12 || total
---------------------------+-------+-------+-------+-------++-------
  Melee: Flail             |    48 |       |       |       ||    48
         Headbutt          |    15 |    23 |    39 |    10 ||    87
         Whip              |    75 |    14 |       |       ||    89
         Short sword       |       |    36 |       |       ||    36
         Dagger            |       |    79 |   164 |       ||   243
         War axe           |       |       |    68 |    41 ||   109
  Throw: Boomerang         |     3 |       |       |       ||     3
 Invoke: Berserk           |       |       |       |     2 ||     2
         Trog's Hand       |       |       |       |     1 ||     1
  Evoke: Wand              |       |     5 |     6 |     2 ||    13
    Use: Scroll            |     4 |     5 |    10 |       ||    19
         Potion            |     4 |     1 |     2 |     4 ||    11
   Stab: Invisible         |       |       |       |     1 ||     1
 Armour: Scale mail        |    56 |    22 |     7 |       ||    85
         Chain mail        |       |       |    41 |    28 ||    69
  Dodge: Dodged            |    47 |    58 |   120 |    55 ||   280
  Block: Buckler           |    23 |    26 |    38 |    16 ||   103
